 Dungeon Crawl Stone Soup version 0.29.0-7-g18a832c13a (webtiles) character file.

Game seed: 3598415338677949135

248 Ijustatesigmund the Trooper (level 5, -5/50 HPs)
             Began as a Minotaur Fighter on Sept 1, 2022.
             Slain by an ogre
             ... wielding a +0 giant spiked club
              (27 damage)
             ... on level 4 of the Dungeon.
             The game lasted 00:02:32 (2452 turns).

Ijustatesigmund the Trooper (Minotaur Fighter)      Turns: 2452, Time: 00:02:33

Health: -5/50      AC:  3    Str: 22    XL:     5   Next: 86%
Magic:  4/4        EV:  9    Int:  5    God:
Gold:   284        SH:  4    Dex: 10    Spells: 4/4 levels left

rFire   . . .      SeeInvis .   a - +0 war axe
rCold   . . .      Faith    .   c - +0 buckler
rNeg    . . .      Spirit   .   b - +0 scale mail
rPois   .          Reflect  .   (helmet restricted)
rElec   .          Harm     .   (no cloak)
rCorr   .          Rampage  .   (no gloves)
Will    .....                   (no boots)
Stlth   ..........              (no amulet)
HPRegen 0.16/turn               (no ring)
MPRegen 0.09/turn               (no ring)

@: flying
A: horns 2, retaliatory headbutt, deformed body, sense surroundings 1, wild
magic 1
a: no special abilities


You were on level 4 of the Dungeon.
You visited 1 branch of the dungeon, and saw 4 of its levels.

You collected 284 gold pieces.

Inventory:

Hand Weapons
 a - a +0 war axe (weapon)
Armour
 b - a +0 scale mail (worn)
 c - a +0 buckler (worn)
Jewellery
 l - a ring of magical power
Wands
 r - a wand of quicksilver (7)
Scrolls
 f - 5 scrolls of teleportation {unknown}
 h - 2 scrolls of noise {unknown}
 k - 4 scrolls of identify {unknown}
 m - 2 scrolls of immolation {unknown}
 n - a scroll of torment {unknown}
 p - a scroll of poison {unknown}
 q - a scroll of vulnerability {unknown}
 s - a scroll of silence {unknown}
Potions
 d - a potion of might
 e - a potion of degeneration {unknown}
 g - 4 potions of flight
 i - a potion of berserk rage {unknown}
 j - a potion of attraction {unknown}
 o - a potion of mutation


   Skills:
 + Level 5.9 Fighting
 + Level 5.2 Axes
 - Level 3.6 Armour
 - Level 3.6 Shields
 + Level 1.6 Evocations


You had 4 spell levels left.
You didn't know any spells.
Your spell library contained the following spells:

 Spells                   Type           Power      Damage    Failure   Level
 Apportation              Tloc           0%         N/A       92%         1
 Sublimation of Blood     Necr           0%         N/A       97%         2
 Petrify                  Tmut/Erth      0%         N/A       100%        4
 Alistair's Intoxication  Tmut/Pois      0%         N/A       100%        5
 Blade Hands              Tmut           0%         N/A       100%        5
 Irradiate                Conj/Tmut      0%         3d11      100%        5
 Dragon Form              Tmut           0%         N/A       100%        7


Dungeon Overview and Level Annotations

Branches:
Dungeon (4/15)
 Temple: D:4-7

Altars:
Ru
Yredelemnul


Innate Abilities, Weirdness & Mutations

You have a pair of horns on your head.
You reflexively headbutt those who attack you in melee.
Armour fits poorly on your strangely shaped body.
You passively map a small area around you.
Your spells are a little harder to cast, but a little more powerful.


Message History

No target in view!
No target in view!
No target in view!
No target in view!
You see here a +4 short sword.
You now have 236 gold pieces (gained 11).
Found a stone staircase leading down.
g - 4 puce potions (gained 1)
Found a stone staircase leading down.
Found an escape hatch in the ceiling.
No target in view!
g - 5 puce potions (gained 1)
You now have 255 gold pieces (gained 19).
You now have 269 gold pieces (gained 14).
You now have 284 gold pieces (gained 15).
An ogre comes into view. It is wielding a +0 giant spiked club.
The ogre shouts!
The ogre barely misses you.
You completely miss the ogre. The ogre barely misses you.
You completely miss the ogre. You headbutt the ogre.
The ogre is lightly wounded.
The ogre hits you with a +0 giant spiked club!!
Ouch! That really hurt!
You are too injured to fight recklessly!
You are too injured to fight recklessly!
You are too injured to fight recklessly!
You are too injured to fight recklessly!
You are too injured to fight recklessly!
You are too injured to fight recklessly!
You are too injured to fight recklessly!
It was a potion of flight.
You feel very buoyant.
You fly up into the air.
It was a potion of mutation.
You feel extremely strange.
Your body twists and deforms.
You feel a strange attunement to the structure of the dungeons.
You feel less in control of your magic.
The ogre hits you with a +0 giant spiked club!!
Ouch! That really hurt!
You die...

#.........<...............
#............#............
##...........##..........#
##....................).#
##.....##..............#
##......#.............##
#.......................
#............#..........
###..##@..#).#.......##.
*##.#.O.............#.#
..................#..
##.................#..
#..................##)
###..................#
#.##............##.. ##
##..........####
.......#.# .


You could see an ogre.

Vanquished Creatures
  2 jellies (D:4)
  An iguana (D:3)
  7 adders
  3 worms
  2 dart slugs
  6 ball pythons
  4 endoplasms
  3 giant cockroaches
  10 goblins
  9 hobgoblins
  3 jackals (D:1)
  7 kobolds
  A quokka (D:2)
  9 bats
  7 frilled lizards
  13 rats
87 creatures vanquished.

Vanquished Creatures (others)
  3 fungi (D:1)
  A plant (D:1)
4 creatures vanquished.

Grand Total: 91 creatures vanquished

Notes
Turn   | Place    | Note
-------+----------+-------------------------------------------
     0 | D:1      | Ijustatesigmund the Minotaur Fighter began the quest for
                  | the Orb.
     0 | D:1      | Reached XP level 1. HP: 19/19 MP: 0/0
   157 | D:1      | Reached XP level 2. HP: 25/27 MP: 1/1
   388 | D:1      | Reached XP level 3. HP: 34/34 MP: 2/2
   434 | D:1      | Found a faded altar of an unknown god.
  1248 | D:2      | Reached skill level 5 in Fighting
  1248 | D:2      | Reached XP level 4. HP: 41/42 MP: 3/3
  1760 | D:3      | Identified the +6 short sword "Yggeurph" {vorpal, *Corrode
                  | rF+ Dex+8}
  1771 | D:3      | Reached XP level 5. HP: 46/48 MP: 4/4
  1847 | D:3      | Found a sacrificial altar of Ru.
  1849 | D:3      | Found a basalt altar of Yredelemnul.
  2183 | D:3      | Reached skill level 1 in Evocations
  2289 | D:4      | Reached skill level 5 in Axes
  2445 | D:4      | Noticed an ogre
  2452 | D:4      | Gained mutation: Armour fits poorly on your strangely
                  | shaped body. [potion of mutation]
  2452 | D:4      | Gained mutation: You passively map a small area around you.
                  | [potion of mutation]
  2452 | D:4      | Gained mutation: Your spells are a little harder to cast,
                  | but a little more powerful. [potion of mutation]
  2452 | D:4      | Slain by an ogre

Illustrated notes

Levels and vault maps discovered:
D:1:      ncdulo_halloftheorcs, layout_basic, shapermc_ecumenical_altar_gd,
          minmay_split_cup_small
D:2:      layout_rooms, minmay_lizard_pond
D:3:      wander_river, layout_rooms, grunt_temple_overflow_open,
          saegor_snake_ambush
D:4:      gammafunk_cloud_chamber, layout_cave_pools,
          nicolae_uskayaw_murder_on_the_dancefloor, minmay_statues_item,
          minmay_distorted

Skill      XL: |  1  2  3  4  5 |
---------------+----------------+-----
Fighting       | 4 5 |  5.9
Axes           | 3 4 5 |  5.2
Evocations     | 1 |  1.6
Armour         | |  3.6
Shields        | |  3.6

Action                   |  1- 3 |  4- 6 || total
-------------------------+-------+-------++-------
Melee: War axe           |    87 |    78 ||   165
       Headbutt          |    17 |    11 ||    28
  Use: Potion            |       |     2 ||     2
Armor: Scale mail        |    32 |    32 ||    64
Dodge: Dodged            |    50 |    36 ||    86
Block: Buckler           |    24 |    15 ||    39
